| TOP OF THE 1ST |
|
Fort Wayne TinCaps batting - Pitching for Wisconsin Timber Rattlers : LHP Sam Glaser
|
|
Pitching: LHP Sam Glaser
|
|
|
Batting: RHB Slamet Pamungkas
|
0-0: Ball 1-0: Ball 2-0: Foul Ball, location: 2F 2-1: SINGLE (Groundball, 6MS, EV 70.0 MPH) (infield hit)
|
|
Batting: RHB Gary Horgan
|
0-0: Called Strike 0-1: Ball 1-1: Foul Ball, location: 2F 1-2: Grounds into double play, 4-6-3 (Groundball, 34, EV 89.4 MPH)
|
|
Batting: RHB Jim Miske
|
0-0: Ball 1-0: Swinging Strike 1-1: Ball 2-1: Called Strike 2-2: Foul Ball, location: 2F 2-2: Strikes out looking
|
| Top of the 1st over - 0 runs, 1 hit, 0 errors, 0 left on base; Fort Wayne 0 - Wisconsin 0 |
| BOTTOM OF THE 1ST |
|
Wisconsin Timber Rattlers batting - Pitching for Fort Wayne TinCaps : RHP Derek Ziolkowski
|
|
Pitching: RHP Derek Ziolkowski
|
|
|
Batting: SHB Sam Bingham
|
0-0: Called Strike 0-1: Ball 1-1: Ball 2-1: Called Strike 2-2: Foul Ball, location: 2F 2-2: DOUBLE (Groundball, 5L, EV 104.4 MPH)
|
|
Batting: RHB Xiao-shuang Au
|
0-0: Called Strike 0-1: Swinging Strike 0-2: Strikes out swinging
|
|
Batting: LHB Karel Hort
|
0-0: Foul Ball, location: 2F 0-1: Fly out, F7 (Flyball, 7LS, EV 91.9 MPH)
|
|
Batting: LHB Fumito Sakurai
|
0-0: Ball 1-0: Foul Ball, location: 2F 1-1: Ball 2-1: Ball 3-1: Foul Ball, location: 2F 3-2: Ground out 4-3 (Groundball, 4, EV 89.4 MPH)
|
| Bottom of the 1st over - 0 runs, 1 hit, 0 errors, 1 left on base; Fort Wayne 0 - Wisconsin 0 |
| TOP OF THE 2ND |
|
Fort Wayne TinCaps batting - Pitching for Wisconsin Timber Rattlers : LHP Sam Glaser
|
|
Batting: RHB Devon Dill
|
0-0: Called Strike 0-1: Ground out 4-3 (Groundball, 34, EV 76.2 MPH)
|
|
Batting: RHB Ben Welt
|
0-0: Ball 1-0: Ball 2-0: Called Strike 2-1: Swinging Strike 2-2: Strikes out swinging
|
|
Batting: LHB Dean Luttman
|
0-0: Foul Ball, location: 2F 0-1: Called Strike 0-2: Ball 1-2: Foul Ball, location: 2F 1-2: Ground out 1-3 (Groundball, 13S, EV 68.1 MPH)
|
| Top of the 2nd over - 0 runs, 0 hits, 0 errors, 0 left on base; Fort Wayne 0 - Wisconsin 0 |
| BOTTOM OF THE 2ND |
|
Wisconsin Timber Rattlers batting - Pitching for Fort Wayne TinCaps : RHP Derek Ziolkowski
|
|
Batting: RHB Ryan Miller
|
0-0: Swinging Strike 0-1: Foul Ball, location: 2F 0-2: Strikes out swinging
|
|
Batting: LHB John Fortin
|
0-0: Foul Ball, location: 2F 0-1: Ball 1-1: Ball 2-1: Swinging Strike 2-2: Strikes out looking
|
|
Batting: RHB Tony Beaumond
|
0-0: Ball 1-0: Ball 2-0: Fly out, F3 (Popup, 3SF, EV 76.9 MPH)
|
| Bottom of the 2nd over - 0 runs, 0 hits, 0 errors, 0 left on base; Fort Wayne 0 - Wisconsin 0 |
| TOP OF THE 3RD |
|
Fort Wayne TinCaps batting - Pitching for Wisconsin Timber Rattlers : LHP Sam Glaser
|
|
Batting: RHB John Freeman
|
0-0: Ball 1-0: Ground out 4-3 (Groundball, 4, EV 88.1 MPH)
|
|
Batting: RHB Bill Vives
|
0-0: Foul Ball, location: 2F 0-1: Called Strike 0-2: Foul Ball, location: 2F 0-2: Strikes out swinging
|
|
Batting: RHB Paul Wood
|
0-0: Ball 1-0: Ball 2-0: Ground out 4-3 (Groundball, 4, EV 92.5 MPH)
|
| Top of the 3rd over - 0 runs, 0 hits, 0 errors, 0 left on base; Fort Wayne 0 - Wisconsin 0 |
| BOTTOM OF THE 3RD |
|
Wisconsin Timber Rattlers batting - Pitching for Fort Wayne TinCaps : RHP Derek Ziolkowski
|
|
Batting: RHB Dan Allred
|
0-0: Foul Ball, location: 2F 0-1: Ball 1-1: Called Strike 1-2: Ball 2-2: Ball 3-2: Strikes out looking
|
|
Batting: RHB Chris Fruit
|
0-0: Foul Ball, location: 2F 0-1: Ball 1-1: SINGLE (Groundball, 5S, EV 63.1 MPH) (infield hit)
|
|
Batting: SHB Sam Bingham
|
0-0: Ball 1-0: Grounds into double play, 5-6-3 (Groundball, 15, EV 85.6 MPH)
|
| Bottom of the 3rd over - 0 runs, 1 hit, 0 errors, 0 left on base; Fort Wayne 0 - Wisconsin 0 |
| TOP OF THE 4TH |
|
Fort Wayne TinCaps batting - Pitching for Wisconsin Timber Rattlers : LHP Sam Glaser
|
|
Batting: RHB Slamet Pamungkas
|
0-0: Ball 1-0: Ground out 6-3 (Groundball, 6, EV 82.5 MPH)
|
|
Batting: RHB Gary Horgan
|
0-0: Ball 1-0: Ball 2-0: Called Strike 2-1: Ball 3-1: Called Strike 3-2: Foul Ball, location: 2F 3-2: Base on Balls
|
|
Batting: RHB Jim Miske
|
0-0: Called Strike 0-1: Foul Ball, location: 2F 0-2: Strikes out looking
|
|
Batting: RHB Devon Dill
|
0-0: Foul Ball, location: 2F 0-1: Ball 1-1: Ball 2-1: Fielders Choice at 2nd, 6-4 (Groundball, 6, EV 98.1 MPH)
|
| Top of the 4th over - 0 runs, 0 hits, 0 errors, 1 left on base; Fort Wayne 0 - Wisconsin 0 |
| BOTTOM OF THE 4TH |
|
Wisconsin Timber Rattlers batting - Pitching for Fort Wayne TinCaps : RHP Derek Ziolkowski
|
|
Batting: RHB Xiao-shuang Au
|
0-0: Ball 1-0: Foul Ball, location: 2F 1-1: Ball 2-1: Foul Ball, location: 2F 2-2: Foul Ball, location: 2F 2-2: Strikes out swinging
|
|
Batting: LHB Karel Hort
|
0-0: Ball 1-0: Ground out 6-3 (Groundball, 6M, EV 88.1 MPH)
|
|
Batting: LHB Fumito Sakurai
|
0-0: Ball 1-0: Ground out U3 (Groundball, 3, EV 81.9 MPH)
|
| Bottom of the 4th over - 0 runs, 0 hits, 0 errors, 0 left on base; Fort Wayne 0 - Wisconsin 0 |
| TOP OF THE 5TH |
|
Fort Wayne TinCaps batting - Pitching for Wisconsin Timber Rattlers : LHP Sam Glaser
|
|
Batting: RHB Ben Welt
|
0-0: Ball 1-0: Swinging Strike 1-1: Ball 2-1: Ball 3-1: Swinging Strike 3-2: Foul Ball, location: 2F 3-2: Strikes out swinging
|
|
Batting: LHB Dean Luttman
|
0-0: Ball 1-0: Ground out U3 (Groundball, 3L, EV 105.6 MPH)
|
|
Batting: RHB John Freeman
|
0-0: Called Strike 0-1: Ball 1-1: Foul Ball, location: 2F 1-2: Ball 2-2: Strikes out swinging
|
| Top of the 5th over - 0 runs, 0 hits, 0 errors, 0 left on base; Fort Wayne 0 - Wisconsin 0 |
| BOTTOM OF THE 5TH |
|
Wisconsin Timber Rattlers batting - Pitching for Fort Wayne TinCaps : RHP Derek Ziolkowski
|
|
Batting: RHB Ryan Miller
|
0-0: Ball 1-0: Called Strike 1-1: Ball 2-1: Ball 3-1: Called Strike 3-2: Foul Ball, location: 2F 3-2: Fly out, F8 (Flyball, 8RM, EV 85.0 MPH)
|
|
Batting: LHB John Fortin
|
0-0: Foul Ball, location: 2F 0-1: Swinging Strike 0-2: Ground out 4-3 (Groundball, 4, EV 91.2 MPH)
|
|
Batting: RHB Tony Beaumond
|
0-0: Called Strike 0-1: Ground out 6-3 (Groundball, 6, EV 83.8 MPH)
|
| Bottom of the 5th over - 0 runs, 0 hits, 0 errors, 0 left on base; Fort Wayne 0 - Wisconsin 0 |
| TOP OF THE 6TH |
|
Fort Wayne TinCaps batting - Pitching for Wisconsin Timber Rattlers : LHP Sam Glaser
|
|
Batting: RHB Bill Vives
|
0-0: Called Strike 0-1: Reached on error, E5 (Groundball, 56S, EV 80.6 MPH)
|
|
Batting: RHB Paul Wood
|
0-0: Ball 1-0: Swinging Strike 1-1: Foul Ball, location: 2F 1-2: Foul Ball, location: 2F 1-2: Ball 2-2: Ground out 1-3 (Groundball, P, EV 66.9 MPH) Bill Vives to third
|
|
Batting: RHB Slamet Pamungkas
|
0-0: Foul Ball, location: 2F 0-1: Foul Ball, location: 2F 0-2: SINGLE (Line Drive, 8LS, EV 91.9 MPH) Bill Vives scores
|
|
Batting: RHB Gary Horgan
|
0-0: Ball 1-0: Called Strike Slamet Pamungkas is caught stealing 2nd base 2-4 1-1: Foul Ball, location: 2F 1-2: SINGLE (Groundball, 34D, EV 101.9 MPH) (infield hit)
|
|
Batting: RHB Jim Miske
|
0-0: Called Strike 0-1: Ball 1-1: SINGLE (Groundball, 4MD, EV 81.2 MPH) (infield hit) Gary Horgan to second
|
|
Batting: RHB Devon Dill
|
0-0: Ball 1-0: Ball 2-0: Ball 3-0: Called Strike 3-1: Base on Balls Gary Horgan to third Jim Miske to second
|
|
Batting: RHB Ben Welt
|
0-0: Ball 1-0: Foul Ball, location: 2F 1-1: Fielders Choice at 2nd, 5-4 (Groundball, 56, EV 78.8 MPH)
|
| Top of the 6th over - 1 run, 3 hits, 1 error, 3 left on base; Fort Wayne 1 - Wisconsin 0 |
| BOTTOM OF THE 6TH |
|
Wisconsin Timber Rattlers batting - Pitching for Fort Wayne TinCaps : RHP Derek Ziolkowski
|
|
Batting: RHB Dan Allred
|
0-0: Called Strike 0-1: Foul Ball, location: 2F 0-2: Strikes out swinging
|
|
Batting: RHB Chris Fruit
|
0-0: SINGLE (Groundball, 5S, EV 70.6 MPH) (infield hit)
|
|
Batting: SHB Sam Bingham
|
0-0: Ball Chris Fruit is caught stealing 2nd base 2-6 1-0: Ball 2-0: Ball 3-0: Called Strike 3-1: Base on Balls
|
|
Batting: RHB Xiao-shuang Au
|
0-0: 2-RUN HOME RUN (Flyball, 89XD, EV 97.5 MPH), Distance : 385 ft
|
|
Batting: LHB Karel Hort
|
0-0: Ball 1-0: Ball 2-0: Ball 3-0: Called Strike 3-1: Swinging Strike 3-2: Strikes out swinging, 2-3 out at first.
|
| Bottom of the 6th over - 2 runs, 2 hits, 0 errors, 0 left on base; Fort Wayne 1 - Wisconsin 2 |
| TOP OF THE 7TH |
|
Fort Wayne TinCaps batting - Pitching for Wisconsin Timber Rattlers : LHP Sam Glaser
|
|
Pitching: LHP Juan Gonzalez
|
|
|
Pinch Hitting: RHB Danny Krug
|
0-0: SINGLE (Line Drive, 6D, EV 95.0 MPH)
|
|
Batting: RHB John Freeman
|
0-0: Called Strike 0-1: Grounds into double play, 5-4-3 (Groundball, 25, EV 88.1 MPH)
|
|
Batting: RHB Bill Vives
|
0-0: Called Strike 0-1: SINGLE (Groundball, 34D, EV 94.4 MPH)
|
|
Batting: RHB Paul Wood
|
0-0: Ball 1-0: Ball 2-0: Called Strike 2-1: Ball 3-1: Swinging Strike 3-2: DOUBLE (Flyball, 89D, EV 106.9 MPH) Bill Vives to third Bill Vives scores
|
|
Batting: RHB Slamet Pamungkas
|
0-0: Ball 1-0: Called Strike 1-1: Ball 2-1: Foul Ball, location: 2F 2-2: Strikes out swinging
|
| Top of the 7th over - 1 run, 3 hits, 0 errors, 1 left on base; Fort Wayne 2 - Wisconsin 2 |
| BOTTOM OF THE 7TH |
|
Wisconsin Timber Rattlers batting - Pitching for Fort Wayne TinCaps : RHP Derek Ziolkowski
|
|
Now at 1B: Dave Cordero
|
|
|
Batting: LHB Fumito Sakurai
|
0-0: Ball 1-0: Ball 2-0: Fly out, F7 (Flyball, 78S, EV 95.0 MPH)
|
|
Batting: RHB Ryan Miller
|
0-0: Ball 1-0: Called Strike 1-1: Swinging Strike 1-2: Foul Ball, location: 2F 1-2: Foul Ball, location: 2F 1-2: Foul Ball, location: 2F 1-2: Ball 2-2: Ball 3-2: Strikes out swinging
|
|
Batting: LHB John Fortin
|
0-0: Called Strike 0-1: Ball 1-1: Ground out 5-3 (Groundball, 5L, EV 78.8 MPH)
|
| Bottom of the 7th over - 0 runs, 0 hits, 0 errors, 0 left on base; Fort Wayne 2 - Wisconsin 2 |
| TOP OF THE 8TH |
|
Fort Wayne TinCaps batting - Pitching for Wisconsin Timber Rattlers : LHP Juan Gonzalez
|
|
Batting: RHB Gary Horgan
|
0-0: Ball 1-0: Foul Ball, location: 2F 1-1: Foul Ball, location: 2F 1-2: Ball 2-2: Foul Ball, location: 2F 2-2: Hit by Pitch
|
|
Batting: RHB Jim Miske
|
0-0: Ball 1-0: Ball 2-0: Ball 3-0: Called Strike 3-1: Foul Ball, location: 2F 3-2: Fly out, F8 (Flyball, 8RS, EV 86.9 MPH)
|
|
Batting: RHB Devon Dill
|
0-0: Ball 1-0: Ball 2-0: Called Strike 2-1: Foul Ball, location: 2F 2-2: Ball 3-2: Strikes out looking
|
|
Batting: RHB Ben Welt
|
0-0: Called Strike Gary Horgan is caught stealing 2nd base 2-4
|
| Top of the 8th over - 0 runs, 0 hits, 0 errors, 0 left on base; Fort Wayne 2 - Wisconsin 2 |
| BOTTOM OF THE 8TH |
|
Wisconsin Timber Rattlers batting - Pitching for Fort Wayne TinCaps : RHP Derek Ziolkowski
|
|
Pitching: RHP Jason Barlow
|
|
|
Batting: RHB Tony Beaumond
|
0-0: Called Strike 0-1: DOUBLE (Line Drive, 5D, EV 98.1 MPH)
|
|
Batting: RHB Dan Allred
|
0-0: Ball 1-0: Ground out 6-3 (Groundball, 6, EV 109.4 MPH)
|
|
Batting: RHB Chris Fruit
|
0-0: Ball 1-0: Swinging Strike 1-1: Ball 2-1: Called Strike 2-2: Strikes out looking
|
|
Batting: SHB Sam Bingham
|
0-0: Ball 1-0: Foul Ball, location: 2F 1-1: Called Strike 1-2: Ground out 6-3 (Groundball, 6, EV 86.9 MPH)
|
| Bottom of the 8th over - 0 runs, 1 hit, 0 errors, 1 left on base; Fort Wayne 2 - Wisconsin 2 |
| TOP OF THE 9TH |
|
Fort Wayne TinCaps batting - Pitching for Wisconsin Timber Rattlers : LHP Juan Gonzalez
|
|
Pitching: RHP Ernie Borden
|
|
|
Batting: RHB Ben Welt
|
0-0: Ball 1-0: Called Strike 1-1: Swinging Strike 1-2: Ball 2-2: Strikes out swinging
|
|
Batting: RHB Dave Cordero
|
0-0: Ball 1-0: Ball 2-0: Called Strike 2-1: Called Strike 2-2: Strikes out looking
|
|
Batting: RHB John Freeman
|
0-0: Called Strike 0-1: Ball 1-1: Ball 2-1: Ground out 6-3 (Groundball, 6, EV 81.9 MPH)
|
| Top of the 9th over - 0 runs, 0 hits, 0 errors, 0 left on base; Fort Wayne 2 - Wisconsin 2 |
| BOTTOM OF THE 9TH |
|
Wisconsin Timber Rattlers batting - Pitching for Fort Wayne TinCaps : RHP Jason Barlow
|
|
Batting: RHB Xiao-shuang Au
|
0-0: Called Strike 0-1: Ball 1-1: Swinging Strike 1-2: Foul Ball, location: 2F 1-2: Strikes out swinging
|
|
Pitching: LHP Terry LaPlante
|
|
|
Batting: LHB Karel Hort
|
0-0: Ball 1-0: Foul Ball, location: 2F 1-1: Called Strike 1-2: Ball 2-2: SINGLE (Line Drive, 6D, EV 94.4 MPH)
|
|
Batting: LHB Fumito Sakurai
|
0-0: Fielders Choice at 2nd, 5-4 (Groundball, 56S, EV 90.6 MPH)
|
|
Batting: RHB Ryan Miller
|
0-0: Foul Ball, location: 2F 0-1: Ball Fumito Sakurai is caught stealing 2nd base 2-4
|
| Bottom of the 9th over - 0 runs, 1 hit, 0 errors, 0 left on base; Fort Wayne 2 - Wisconsin 2 |
| TOP OF THE 10TH |
|
Fort Wayne TinCaps batting - Pitching for Wisconsin Timber Rattlers : RHP Ernie Borden
|
|
Batting: RHB Bill Vives
|
0-0: Ball 1-0: Called Strike 1-1: Foul Ball, location: 2F 1-2: Ball 2-2: Foul Ball, location: 2F 2-2: Ground out 5-3 (Groundball, 56, EV 100.0 MPH)
|
|
Batting: RHB Paul Wood
|
0-0: Ball 1-0: Ball 2-0: Fly out, F8 (Flyball, 89D, EV 103.1 MPH)
|
|
Pinch Hitting: LHB Tony Contreras
|
0-0: Fly out, F6 (Line Drive, 56D, EV 73.8 MPH)
|
| Top of the 10th over - 0 runs, 0 hits, 0 errors, 0 left on base; Fort Wayne 2 - Wisconsin 2 |
| BOTTOM OF THE 10TH |
|
Wisconsin Timber Rattlers batting - Pitching for Fort Wayne TinCaps : LHP Terry LaPlante
|
|
Pitching: LHP Manny Santiago
|
|
|
Now at SS: Sung-hwan Jung
|
|
|
Batting: RHB Ryan Miller
|
0-0: Called Strike 0-1: Ball 1-1: Ball 2-1: Ground out 4-3 (Groundball, 4, EV 83.8 MPH)
|
|
Batting: LHB John Fortin
|
0-0: Called Strike 0-1: Ground out 5-3 (Groundball, 5, EV 78.8 MPH)
|
|
Batting: RHB Tony Beaumond
|
0-0: Ball 1-0: Fly out, F8 (Flyball, 8LXD, EV 76.9 MPH)
|
| Bottom of the 10th over - 0 runs, 0 hits, 0 errors, 0 left on base; Fort Wayne 2 - Wisconsin 2 |
| TOP OF THE 11TH |
|
Fort Wayne TinCaps batting - Pitching for Wisconsin Timber Rattlers : RHP Ernie Borden
|
|
Batting: RHB Gary Horgan
|
0-0: Foul Ball, location: 2F 0-1: Ball 1-1: Ground out U3 (Groundball, 34, EV 86.2 MPH)
|
|
Batting: RHB Jim Miske
|
0-0: Called Strike 0-1: DOUBLE (Flyball, 8RXD, EV 111.2 MPH)
|
|
Batting: RHB Devon Dill
|
0-0: Called Strike 0-1: Ball 1-1: Foul Ball, location: 2F 1-2: Strikes out looking
|
|
Batting: RHB Ben Welt
|
0-0: SINGLE (Groundball, 4MD, EV 105.6 MPH) Jim Miske to third Runner from 3rd tries for Home, throw by CF and OUT! 8-2
|
| Top of the 11th over - 0 runs, 2 hits, 0 errors, 1 left on base; Fort Wayne 2 - Wisconsin 2 |
| BOTTOM OF THE 11TH |
|
Wisconsin Timber Rattlers batting - Pitching for Fort Wayne TinCaps : LHP Manny Santiago
|
|
Batting: RHB Dan Allred
|
0-0: Called Strike 0-1: SINGLE (Groundball, 34D, EV 101.2 MPH)
|
|
Batting: RHB Chris Fruit
|
0-0: Bunted foul 0-1: Sac Bunt to 15S - play at first, batter OUT! 1-3 Dan Allred to second
|
|
Batting: SHB Sam Bingham
|
0-0: Ball 1-0: Foul Ball, location: 2F 1-1: Swinging Strike 1-2: Foul Ball, location: 2F 1-2: Strikes out swinging
|
|
Batting: RHB Xiao-shuang Au
|
0-0: Intentional Walk
|
|
Batting: LHB Karel Hort
|
0-0: Fielders Choice at 2nd, 6-4 (Groundball, 6, EV 79.4 MPH)
|
| Bottom of the 11th over - 0 runs, 1 hit, 0 errors, 2 left on base; Fort Wayne 2 - Wisconsin 2 |
| TOP OF THE 12TH |
|
Fort Wayne TinCaps batting - Pitching for Wisconsin Timber Rattlers : RHP Ernie Borden
|
|
Pitching: RHP Dave Mata
|
|
|
Batting: RHB Dave Cordero
|
0-0: Ball 1-0: Called Strike 1-1: Foul Ball, location: 2F 1-2: Strikes out looking
|
|
Batting: RHB John Freeman
|
0-0: Called Strike 0-1: Ground out U3 (Groundball, 34S, EV 88.1 MPH)
|
|
Batting: RHB Bill Vives
|
0-0: Ball 1-0: Ball 2-0: Called Strike 2-1: Ball 3-1: Swinging Strike 3-2: Ground out 5-3 (Groundball, 56, EV 85.0 MPH)
|
| Top of the 12th over - 0 runs, 0 hits, 0 errors, 0 left on base; Fort Wayne 2 - Wisconsin 2 |
| BOTTOM OF THE 12TH |
|
Wisconsin Timber Rattlers batting - Pitching for Fort Wayne TinCaps : LHP Manny Santiago
|
|
Batting: LHB Fumito Sakurai
|
0-0: Foul Ball, location: 2F 0-1: Swinging Strike 0-2: Foul Ball, location: 2F 0-2: Strikes out swinging
|
|
Batting: RHB Ryan Miller
|
0-0: Foul Ball, location: 2F 0-1: Ball 1-1: Swinging Strike 1-2: Ball 2-2: Foul Ball, location: 2F 2-2: Ground out 3-1 (Groundball, 34, EV 97.5 MPH)
|
|
Batting: LHB John Fortin
|
0-0: Ground out 5-3 (Groundball, 56, EV 82.5 MPH)
|
| Bottom of the 12th over - 0 runs, 0 hits, 0 errors, 0 left on base; Fort Wayne 2 - Wisconsin 2 |
| TOP OF THE 13TH |
|
Fort Wayne TinCaps batting - Pitching for Wisconsin Timber Rattlers : RHP Dave Mata
|
|
Batting: RHB Paul Wood
|
0-0: Ball 1-0: Swinging Strike 1-1: Ball 2-1: Ball 3-1: Foul Ball, location: 2F 3-2: SINGLE (Groundball, 6, EV 98.8 MPH)
|
|
Batting: RHB Sung-hwan Jung
|
0-0: Called Strike 0-1: Foul Ball, location: 2F 0-2: Strikes out swinging
|
|
Batting: RHB Gary Horgan
|
0-0: Called Strike 0-1: Ball Wild Pitch! Paul Wood to second 1-1: Ball 2-1: Foul Ball, location: 2F 2-2: Ground out 6-3 (Groundball, 6M, EV 84.4 MPH) Paul Wood to third
|
|
Batting: RHB Jim Miske
|
0-0: DOUBLE (Line Drive, 9LM, EV 101.2 MPH) Paul Wood scores
|
|
Batting: RHB Devon Dill
|
0-0: Ball 1-0: Foul Ball, location: 2F 1-1: Foul Ball, location: 2F 1-2: Ball Wild Pitch! Jim Miske to third 2-2: DOUBLE (Line Drive, 7LM, EV 88.1 MPH) Jim Miske scores
|
|
Batting: RHB Ben Welt
|
0-0: Foul Ball, location: 2F 0-1: Ball 1-1: Foul Ball, location: 2F 1-2: Foul Ball, location: 2F 1-2: Strikes out looking
|
| Top of the 13th over - 2 runs, 3 hits, 0 errors, 1 left on base; Fort Wayne 4 - Wisconsin 2 |
| BOTTOM OF THE 13TH |
|
Wisconsin Timber Rattlers batting - Pitching for Fort Wayne TinCaps : LHP Manny Santiago
|
|
Pitching: LHP Jose Torres
|
|
|
Now at 2B: Cesar Ortega
|
|
|
Batting: RHB Tony Beaumond
|
0-0: Called Strike 0-1: Foul Ball, location: 2F 0-2: Foul Ball, location: 2F 0-2: Ball 1-2: SINGLE (Groundball, 4MD, EV 106.9 MPH)
|
|
Batting: RHB Dan Allred
|
0-0: Foul Ball, location: 2F 0-1: Grounds into double play, 6-4-3 (Groundball, 6, EV 80.6 MPH)
|
|
Batting: RHB Chris Fruit
|
0-0: Ball 1-0: Foul Ball, location: 2F 1-1: Ball 2-1: Foul Ball, location: 2F 2-2: Foul Ball, location: 2F 2-2: Foul Ball, location: 2F 2-2: Strikes out swinging
|
| Bottom of the 13th over - 0 runs, 1 hit, 0 errors, 0 left on base; Fort Wayne 4 - Wisconsin 2 |
|